Map: Lost and Found LE

Players

theo

  • Race: Protoss Protoss
  • League: Diamond
  • Spawn Location: 1:00

Rye - Winner!

  • Race: Zerg Zerg
  • League: Diamond
  • Spawn Location: 7:00

VOD

Have the link to the VOD?

Description

Time

  • Played on: Sept. 28, 2018, 8:51 p.m.
  • Length: 13:09
Show
View Real Time Build Order
Export as new Build Order

theo Protoss 

Build Orders:  

Get SALT Encoding   

  12  0:01  Probe  
  13  0:13  Probe  
  14  0:18  Pylon  
  14  0:25  Probe  
  15  0:36  Forge  
  15  0:37  Probe  
  16  0:45  Probe  
  17  0:53  Probe  
  17  1:01  Pylon  
  18  1:05  Probe  
  19  1:20  Photon Cannon  
  19  1:22  Pylon  
  19  1:35  Pylon  
  19  1:38  Probe  
  20  1:47  Pylon  
  20  1:50  Probe  
  21  2:01  Assimilator  
  21  2:03  Assimilator  
  21  2:04  Probe  
  21  2:05  Gateway  
  21  2:07  Photon Cannon  
  22  2:18  Photon Cannon  
  22  2:27  Probe  
  23  2:32  Photon Cannon  
  23  2:40  Pylon  
  23  2:52  Photon Cannon  
  23  2:55  Pylon  
  23  3:03  Photon Cannon  
  23  3:09  Cybernetics Core  
  23  3:15  Photon Cannon  
  23  3:17  Probe  
  24  3:29  Probe  
  25  3:41  Probe  
  25  3:46  Robotics Facility  
  26  3:49  Shield Battery  
  26  3:54  Probe, Warp Gate  
  27  4:08  Pylon  
  27  4:15  Shield Battery  
  27  4:17  Pylon  
  27  4:23  Immortal  
  31  4:48  Nexus  
  31  5:02  Observer  
  32  5:10  Probe  
  33  5:14  Pylon  
  33  5:24  Immortal  
  37  6:03  Immortal  
  41  6:19  Observer  
  41  6:24  Shield Battery  
  41  6:28  Probe  
  41  6:29  Probe  
  43  6:36  Probe  
  43  6:39  Gateway  
  43  6:41  Probe, Pylon  
  43  6:42  Immortal  
  43  6:43  Pylon  
  49  6:53  Probe  
  49  7:05  Probe  
  50  7:20  Probe x2  
  50  7:22  Observer  
  53  7:55  Gateway  
  53  7:57  Gateway  
  53  7:59  Gateway  
  53  8:01  Stargate  
  53  8:02  Photon Cannon  
  53  8:06  Pylon  
  53  8:08  Pylon  
  53  8:11  Photon Cannon  
  53  8:13  Stalker  
  53  8:14  Photon Cannon  
  51  8:22  Immortal  
  42  8:40  Oracle  
  42  8:46  Stalker  
  47  9:00  Photon Cannon  
  47  9:01  Photon Cannon  
  47  9:02  Photon Cannon, Assimilator  
  47  9:05  Assimilator, Stalker x3  
  47  9:09  Zealot  
  39  9:42  Oracle  
  39  9:45  Probe x2  
  32  9:56  Zealot x2  
  32  9:57  Zealot  
  32  9:58  Zealot  
  35  10:19  Oracle  
  30  10:48  Void Ray  
  34  11:23  Nexus  
  30  11:51  Twilight Council  
  27  12:42  Photon Cannon  
  27  12:48  Pylon  
  27  12:50  Pylon  
Show
View Real Time Build Order
Export as new Build Order

Rye Zerg - Winner!

Build Orders: Hatch First 

Get SALT Encoding   

  12  0:01  Drone  
  13  0:13  Overlord  
  13  0:17  Drone  
  14  0:32  Drone x2  
  16  0:51  Drone  
  16  0:52  Hatchery  
  16  0:55  Drone  
  17  1:14  Spawning Pool  
  16  1:31  Drone x3  
  19  1:33  Extractor  
  19  1:54  Drone x2  
  19  2:07  Spine Crawler  
  18  2:08  Hatchery  
  18  2:10  Spine Crawler  
  16  2:17  Drone x2  
  18  2:26  Drone  
  19  2:36  Queen  
  21  2:56  Drone  
  22  2:59  Overlord x2, Extractor  
  21  3:10  Overlord  
  21  3:11  Roach Warren  
  20  3:21  Drone  
  20  3:25  Drone  
  22  3:32  Drone  
  23  3:35  Spore Crawler  
  22  3:44  Drone  
  23  3:58  Queen  
  25  4:16  Drone x3  
  28  4:18  Queen  
  30  4:37  Zergling x4  
  30  4:38  Zergling x2  
  33  4:48  Roach  
  35  4:54  Drone x3  
  38  5:11  Roach x2  
  38  5:13  Ravager  
  43  5:14  Drone  
  44  5:27  Roach x3  
  50  5:32  Drone x2  
  50  5:50  Ravager  
  50  6:00  Ravager  
  51  6:05  Extractor  
  51  6:07  Drone  
  51  6:08  Overlord x3  
  51  6:09  Overlord  
  51  6:11  Overlord x3  
  42  6:25  Ravager x3  
  43  6:39  Lair  
  43  6:51  Hatchery  
  42  6:55  Spore Crawler  
  32  7:09  Drone x6  
  28  7:30  Zergling x12  
  28  7:36  Zergling x8  
  28  7:37  Zergling x2  
  39  7:38  Metabolic Boost  
  39  7:48  Zergling x4  
  41  8:04  Zergling x12  
  36  8:34  Zergling x2  
  36  8:35  Zergling x14  
  36  8:40  Overlord  
  42  8:43  Zergling x2  
  42  8:47  Queen  
  45  8:53  Zergling x4  
  47  8:58  Zergling x2  
  47  8:59  Evolution Chamber  
  47  9:00  Hatchery  
  47  9:01  Zergling x2  
  47  9:02  Zergling x6, Evolution Chamber  
  49  9:26  Zergling x2  
  49  9:27  Zergling x6  
  51  9:36  Spore Crawler  
  42  9:39  Zergling x8  
  42  9:45  Zergling x2  
  42  9:48  Hatchery  
  37  9:54  Drone x2, Spore Crawler  
  37  9:55  Queen x2  
  38  10:08  Zergling x8  
  42  10:16  Zerg Ground Armor Level 1, Zerg Melee Weapons Level 1  
  42  10:26  Zergling x2  
  42  10:27  Zergling x12  
  45  10:42  Drone  
  46  10:43  Drone  
  46  10:47  Zergling x4  
  49  10:55  Zergling x2  
  50  11:02  Zergling x4  
  52  11:13  Zergling x6  
  52  11:14  Zergling x10  
  60  11:19  Queen  
  61  11:30  Zergling x8  
  65  11:40  Zergling x6  
  60  11:55  Zergling x2  
  60  11:56  Zergling x12  
  63  12:05  Zergling x6  
  65  12:12  Queen  
  65  12:15  Zergling x6  
  69  12:25  Spore Crawler  
  65  12:43  Spore Crawler  
Tags
 
Add a new tag
Caveats
  • Supply blocks, unpowered buildings, or Contaminate may cause inaccurate times.
  • Supply counts are checked every 10 seconds.